 Dungeon Crawl Stone Soup version 0.31.0-11-ge490571c62 (webtiles) character file.

Game seed: 11792822153395492172

30 qw the Shooter (level 3, -3/20 HPs)
             Began as a Deep Elf Hunter on Feb 4, 2024.
             Succumbed to Terence's poison
             ... on level 2 of the Dungeon.
             The game lasted 00:00:03 (708 turns).

qw the Shooter (Deep Elf Hunter)                     Turns: 708, Time: 00:00:03

Health: -3/20      AC:  6    Str: 10    XL:     3   Next: 5%
Magic:  5/5        EV: 11    Int: 13    God:
Gold:   22         SH:  0    Dex: 18    Spells: 2/2 levels left

rFire   . . .        a - +1 shortbow
rCold   . . .        (shield currently unavailable)
rNeg    . . .        g - +0 ring mail
rPois   .            d - +0 helmet
rElec   .            (no cloak)
rCorr   .            (no gloves)
SInv    .            (no boots)
Will    .....        (no amulet)
Stlth   +            (no ring)
HPRegen 0.23/turn    (no ring)
MPRegen 0.09/turn

%: no passive effects
@: lethally poisoned (-3 -> -21)
A: no striking features
a: no special abilities


You were on level 2 of the Dungeon.
You visited 1 branch of the dungeon, and saw 2 of its levels.

You collected 22 gold pieces.


   Skills:
 - Level 1.5 Fighting
 + Level 6.6 Ranged Weapons
 - Level 2.4 Dodging
 - Level 1.2 Stealth


You had 2 spell levels left.
You didn't know any spells.
Your spell library was empty.

Inventory:

Hand Weapons
 a - a +1 shortbow (weapon)
Armour
 d - a +0 helmet (worn)
 g - a +0 ring mail (worn)

Dungeon Overview and Level Annotations

Branches:
Dungeon (2/15)

Altars:

Shops:
D:1 :=([

Annotations:
D:2 Terence


Message History

A kobold comes into view. It is wielding a +0 short sword.
You shoot an arrow. The arrow barely misses the kobold.
The kobold shouts!
You shoot an arrow. The arrow closely misses the kobold.
You shoot an arrow. The arrow hits the kobold!
You kill the kobold!
Things that are here:
a +0 short sword; 4 stones; a kobold corpse You see here a +0 short sword.
Found an escape hatch in the floor.
A rat comes into view.
The rat squeaks loudly.
You shoot an arrow. The arrow barely misses the rat.
The rat bites you but does no damage.
You shoot an arrow. The arrow hits the rat!
You kill the rat!
You see here a rat corpse.
Terence the Incautious comes into view.
He is wielding a +4 hand axe of venom.
Terence shouts!
You shoot an arrow.
The arrow hits Terence but does no damage.
You shoot an arrow. The arrow barely misses Terence.
You shoot an arrow. The arrow barely misses Terence.
You shoot an arrow. The arrow barely misses Terence.
You shoot an arrow. The arrow closely misses Terence.
Terence hits you with a +4 hand axe of venom.
You are poisoned.
You shoot an arrow. The arrow hits Terence.
Terence is lightly wounded.
You feel very sick.
Terence bares his teeth.
Terence hits you with a +4 hand axe of venom.
You are more poisoned.
You shoot an arrow. The arrow hits Terence!
Terence is severely wounded.
You feel very sick. Terence closely misses you.
You shoot an arrow. The arrow hits Terence.
Terence is severely wounded.
You die...

)........#
##....##.#
#....##.##########
#................#
#....##.########%#
#.##.##.# #.#.#
#.......# #..#
####.#### ##.# #.#
#@## #.# #@## #.#
#. #. #. #. #. #.


You could see Terence.

Vanquished Creatures
  5 bats (D:1)
  2 endoplasms (D:1)
  A giant cockroach (D:1)
  3 goblins (D:1)
  3 hobgoblins
  A quokka (D:1)
  2 ball pythons (D:1)
  A frilled lizard (D:1)
  5 kobolds
  5 rats
28 creatures vanquished.

Notes
Turn   | Place    | Note
-------+----------+-------------------------------------------
     0 | D:1      | qw the Deep Elf Hunter began the quest for the Orb.
     0 | D:1      | Reached XP level 1. HP: 12/12 MP: 3/3
     0 | D:1      | 0 ||| qw: Version: 0.3-a-160-g6735b56
     0 | D:1      | 0 ||| qw: Game counter: 4989
     0 | D:1      | 0 ||| qw: Melee chars always use a shield: true
     0 | D:1      | 0 ||| qw: God list: Okawaru
     0 | D:1      | 0 ||| qw: Allow faded altars: false
     0 | D:1      | 0 ||| qw: Do Orc after clearing Dungeon:15 true
     0 | D:1      | 0 ||| qw: Do second Lair branch before Depths: true
     0 | D:1      | 0 ||| qw: Lair rune preference: random
     0 | D:1      | 0 ||| qw: Goals: Normal
     0 | D:1      | 0 ||| PLANNING D:1-11
    23 | D:1      | Found Kafes's Jewellery Shop.
    33 | D:1      | 33 ||| SHOPLISTING +4 ring of protection (396 gold, have
                  | 0).
    33 | D:1      | 33 ||| SHOPLISTING +6 ring of dexterity (396 gold, have 0).
    33 | D:1      | 33 ||| SHOPLISTING amulet of guardian spirit (330 gold,
                  | have 0).
    33 | D:1      | 33 ||| SHOPLISTING ring of willpower (275 gold, have 0).
    68 | D:1      | Found Qooduph's Book Boutique.
    80 | D:1      | Reached skill level 6 in Ranged Weapons
    80 | D:1      | Reached XP level 2. HP: 12/16 MP: 4/4
   154 | D:1      | Found Erchet's Antique Armour Emporium.
   157 | D:1      | 157 ||| SHOPLISTING acid dragon scales (1280 gold, have
                  | 10).
   157 | D:1      | 157 ||| SHOPLISTING pair of glowing boots (240 gold, have
                  | 10).
   333 | D:1      | Found Qawon's Weapon Emporium.
   616 | D:1      | 616 ||| UPGRADING to +0 helmet.
   621 | D:1      | 621 ||| UPGRADING to +0 scale mail.
   631 | D:1      | 631 ||| DROPPING +0 leather armour.
   632 | D:1      | 632 ||| UPGRADING to +0 ring mail.
   642 | D:1      | 642 ||| DROPPING +0 scale mail.
   643 | D:1      | 643 ||| READING scroll labelled EMEOBR HOGIBEO.
   643 | D:1      | 643 ||| IDENTIFYING scroll labelled QUESOMO LENNISE
   644 | D:1      | 644 ||| READING scroll of enchant weapon.
   644 | D:1      | 644 ||| ENCHANTING +0 shortbow.
   645 | D:1      | 645 ||| READING scroll labelled MYFFES CEZXAH.
   646 | D:1      | 646 ||| DROPPING scroll of butterflies.
   665 | D:2      | Reached XP level 3. HP: 20/20 MP: 5/5
   700 | D:2      | Noticed Terence
   707 | D:2      | HP: 3/20 [poisoned by Terence]
   708 | D:2      | Succumbed to Terence's poison

Levels and vault maps discovered:
D:1:      lightli_arrival_boilingwater, layout_rooms, serial_shops, shop,
          nicolae_shop_behind_doors, nicolae_shop_competitors_out_of_business,
          nicolae_shop_real_fake_doors, chequers_hall_statues_y,
          minmay_statues_item
D:2:      layout_loops_ring, dreamdust_princess_bridge, grunt_ministairs_1,
          uniq_natasha, uniq_terence

Skill      XL: |  1 |
---------------+----+-----
Ranged Weapons | 6 |  6.6
Fighting       | |  1.5
Dodging        | |  2.4
Stealth        | |  1.2

Action                     || total
---------------------------++-------
   Fire: Shortbow          ||    70
    Use: Scroll            ||     3
 Armour: Leather armour    ||     3
         Ring mail         ||     4
  Dodge: Dodged            ||    11

Table legend:
 A = Non-vault XP
 B = Vault XP
 C = Vault XP percentage of total XP
 D = Non-vault monster count
 E = Vault monster count
 F = Vault count percentage of total count
                 A         B        C        D         E       F
            +---------+---------+-------+---------+---------+-------
      Total |      44 |       0 |   0.0 |      28 |       0 |   0.0
            +---------+---------+-------+---------+---------+-------
        D:1 |      38 |       0 |   0.0 |      24 |       0 |   0.0
        D:2 |       6 |       0 |   0.0 |       4 |       0 |   0.0
            +---------+---------+-------+---------+---------+-------
